[Event "*** Titled Tuesday 3|2 Blitz"]
[Site "Chess.com"]
[Date "2017.06.06"]
[Round "3"]
[White "Enzy63"]
[Black "goingin33"]
[Result "0-1"]
[WhiteElo "2046"]
[BlackElo "2190"]
[TimeControl "180+2"]
[EndTime "14:26:11 PDT"]
[Termination "goingin33 won on time"]

1. d4 Nf6 2. Nf3 g6 3. c4 Bg7 4. g3 O-O 5. Bg2 d5 6. cxd5 Nxd5 7. O-O Nb6 8. Nc3 Nc6 9. d5 Na5 10. e4 c6 11. Bf4 cxd5 12. exd5 Nac4 13. Qe2 Nxb2 14.
Be5 N2c4 15. Bxg7 Kxg7 16. Ne5 Nxe5 17. Qxe5+ f6 18. Qe2 Bd7 19. Rfe1 Re8 20. Rad1 Nc8 21. Ne4 Nd6 22. Nc5 b6 23. Ne6+ Bxe6 24. dxe6 Rc8 25.
h4 Qc7 26. h5 Qc4 27. hxg6 Qxe2 28. Rxe2 hxg6 29. Red2 Red8 30. Bd5 Rc5 31. Bb3 b5 32.
Rd5 Rxd5 33. Rxd5 a5 34. a3 Rc8 35. Kg2 f5 36. Kf1 Kf6 37. Rd3 Ne4 38. Rd7 Nc5 0-1

[Event "*** Titled Tuesday 3|2 Blitz"]
[Site "Chess.com"]
[Date "2017.06.06"]
[Round "3"]
[White "angieflynn"]
[Black "Shivagami"]
[Result "0-1"]
[WhiteElo "1761"]
[BlackElo "2002"]
[TimeControl "180+2"]
[EndTime "14:26:14 PDT"]
[Termination "Shivagami won by resignation"]

1. c4 Nc6 2. g3 e5 3. Bg2 Nf6 4. b3 g6 5. Bb2 d6 6. e3 Bg7 7.
d4 exd4 8. exd4 O-O 9. Ne2 Bf5 10.
a3 Qd7 11. O-O Bh3 12. Nf4 Bxg2 13. Kxg2 Rfe8 14. Nc3 Ne4 15. Nfe2 Ng5 16. Nf4 Bxd4 17. h4 Ne6 18. Qg4 Ne5 19. Qd1 Nxf4+ 20. gxf4 Nc6 21. Qf3 Qf5 22. Rfe1 Qc2 23. Rab1 Rxe1 24. Rxe1 Qxb2 25. Ne4 Bg7 26. Re2 Nd4 27. Rxb2 Nxf3 28. Re2 Nd4 29. Re3 Nf5 30. Rh3 Re8 31. f3 c6 32. h5 d5 33. Ng5 h6 34. hxg6 fxg6 0-1

[Event "*** Titled Tuesday 3|2 Blitz"]
[Site "Chess.com"]
[Date "2017.06.06"]
[Round "3"]
[White "penguingm1"]
[Black "LittlePeasant"]
[Result "1-0"]
[WhiteElo "2587"]
[BlackElo "2637"]
[TimeControl "180+2"]
[EndTime "14:26:18 PDT"]
[Termination "penguingm1 won by resignation"]

1. d4 e6 2. c4 c5 3. d5 exd5 4.
cxd5 d6 5. Nc3 g6 6. e4 Bg7 7. Nge2 Nf6 8. Ng3 O-O 9. Be2 Re8 10. O-O Na6 11. h3 Nc7 12. a4 b6 13. Qc2 a6 14. Bg5 h6 15. Be3 Rb8 16. Qd2 Kh7 17. f4 Bb7 18. Bf2 b5 19. Bf3 h5 20. Rfe1 Bh6 21.
Rac1 b4 22. Nd1 Nd7 23. Ne2 Ne5 24. Ne3 Nxf3+ 25. gxf3 Qd7 26. Kh2 Qxa4 27. Nc4 Qd7 28. Rg1 Bc8 29. Rg3 Nb5 30. Rcg1 Nc7 31. Be3 Re7 32.
f5 Bg7 33. Nf4 Ne8 34. fxg6+ fxg6 35. Nxg6 Rf7 36. f4 Nf6 37. Qd3 h4 38. Rf3 Nh5 39.
Nxh4 Qe8 40. e5+ Bf5 41. Nxf5 1-0

[Event "*** Titled Tuesday 3|2 Blitz"]
[Site "Chess.com"]
[Date "2017.06.06"]
[Round "3"]
[White "TheLancer"]
[Black "GMAkobianSTL"]
[Result "0-1"]
[WhiteElo "2411"]
[BlackElo "2591"]
[TimeControl "180+2"]
[EndTime "14:26:29 PDT"]
[Termination "GMAkobianSTL won by resignation"]

1. e4 e6 2. d4 d5 3. Nc3 Nf6 4.
Bg5 Be7 5. e5 Nfd7 6. Bxe7 Qxe7 7. f4 a6 8. Nf3 c5 9. dxc5 Nc6 10. Qd2 Nxc5 11. O-O-O O-O 12. Kb1 b5 13. Bd3 b4 14.
Ne2 a5 15. Qe1 Nxd3 16. cxd3 Ba6 17. Ned4 Rfc8 18. Nxc6 Rxc6 19. Nd4 Rc5 20. Qe3 Rac8 21.
Rc1 a4 22. Ne2 a3 23. Rhd1 g6 24. Rxc5 Rxc5 25. g3 Qc7 26. Rc1 Rxc1+ 27. Nxc1 axb2 28. Kxb2 Qc3+ 29. Kb1 h5 30. Qe2 Kg7 31. h3 Qd4 32.
Qd2 Bb5 33. g4 h4 34. g5 Qg1 35. Qxb4 Bxd3+ 36. Kb2 Qg2+ 37. Ka1 Be4 38. Qe7 Qc2 39. Qf6+ Kg8 40. Qd8+ Kh7 41. Nd3 Bxd3 0-1

[Event "*** Titled Tuesday 3|2 Blitz"]
[Site "Chess.com"]
[Date "2017.06.06"]
[Round "3"]
[White "x-3738459472"]
[Black "GMNeiksans"]
[Result "0-1"]
[WhiteElo "2456"]
[BlackElo "2692"]
[TimeControl "180+2"]
[EndTime "14:26:31 PDT"]
[Termination "GMNeiksans won by resignation"]

1. d4 Nf6 2. Nf3 e6 3. Bf4 b6 4. e3 Bb7 5. Be2 Be7 6. h3 d6 7. O-O Nbd7 8. a4 a5 9. Nc3 Nd5 10. Nxd5 Bxd5 11. c4 Bb7 12. Nd2 e5 13. Bg3 f5 14. dxe5 dxe5 15. Nf3 Bf6 16. Qc2 Be4 17. Qc3 Qe7 18. Nd2 Bc6 19. Qc2 g6 20. Rfd1 O-O 21.
Bf3 e4 22. Be2 Nc5 23. Nb3 Bxa4 24. Rxa4 Nxa4 25. Nd4 Nc5 26. Nb5 Be5 27. Bxe5 Qxe5 28. Nd4 Rad8 29. Rb1 Rd6 30. Nb5 Rd7 31. f4 exf3 32.
Bxf3 Qxe3+ 33. Kh1 Ne4 34. c5 Qxc5 35. Nc3 Ng3+ 36.
Kh2 Qe5 37. Kg1 Rfd8 38. Qf2 Rd2 39. Re1 Rxf2 40. Rxe5 Rf1+ 41. Kh2 f4 0-1

[Event "*** Titled Tuesday 3|2 Blitz"]
[Site "Chess.com"]
[Date "2017.06.06"]
[Round "3"]
[White "3f32"]
[Black "proxy6"]
[Result "0-1"]
[WhiteElo "2382"]
[BlackElo "2313"]
[TimeControl "180+2"]
[EndTime "14:26:35 PDT"]
[Termination "proxy6 won by resignation"]

1. d4 Nf6 2. c4 e6 3. Nc3 Bb4 4.
f3 d5 5. a3 Bxc3+ 6. bxc3 c5 7.
cxd5 Nxd5 8. dxc5 Qa5 9. e4 Ne7 10. Be3 Qxc3+ 11. Kf2 O-O 12. Ne2 Qa5 13. Qd6 Nbc6 14.
Nc1 Rd8 15. Qg3 Rd1 16. Ke2 Qa4 17. Ra2 Rxc1 18. Bxc1 Qc4+ 19. Kd1 Qxa2 20. Qd6 Bd7 21. Bd3 Rd8 22. Qf4 Nd4 23. Qc7 Ba4+ 24. Ke1 Nec6 25.
Bd2 Qa1+ 26. Kf2 Qxh1 27. Bg5 Rf8 28. Bf1 e5 29. Qxb7 Qxh2 30. Qa6 Bb3 31. Qb7 h6 32. Be3 Qh4+ 33. g3 Qf6 34. Bg2 Bd1 35. f4 exf4 36.
gxf4 Qh4+ 37. Kg1 Qe1+ 38. Kh2 Qxe3 39. e5 0-1

[Event "*** Titled Tuesday 3|2 Blitz"]
[Site "Chess.com"]
[Date "2017.06.06"]
[Round "3"]
[White "bugbug01052018"]
[Black "WeiYi1999"]
[Result "0-1"]
[WhiteElo "1935"]
[BlackElo "2114"]
[TimeControl "180+2"]
[EndTime "14:26:39 PDT"]
[Termination "WeiYi1999 won by checkmate"]

1. e4 e5 2. Nf3 Nc6 3. Bb5 a6 4.
Ba4 Nf6 5. O-O Be7 6. d3 b5 7. Bb3 d6 8. c3 O-O 9. Nbd2 Na5 10. Bc2 c5 11. Re1 h6 12. Nf1 Be6 13. h3 Nc6 14. Ng3 Re8 15. Nh2 d5 16. exd5 Qxd5 17. Nhf1 Qd7 18.
Ne3 Nd5 19. Qf3 Nxe3 20. Bxe3 f5 21. Bd2 f4 22. Ne4 a5 23. Rad1 a4 24. Bc1 Bxa2 25. c4 Nd4 26. Qh5 Nxc2 27. Rf1 Nd4 28. Qxe5 f3 29. Nxc5 Ne2+ 30. Kh1 Bxc5 31. Qxc5 fxg2+ 32. Kxg2 Nxc1 33. Rxc1 Re6 34. Qxb5 Rg6+ 35. Kh2 Qd6+ 36. f4 Rd8 37. Rf3 Qe7 38. Rcf1 Qh4 39. Qxa4 Re6 40. R1f2 Bb1 41. Qd1 Bxd3 42. Qg1 Rg6 43. Qc1 Be4 44. Ra3 Qxf2# 0-1

[Event "*** Titled Tuesday 3|2 Blitz"]
[Site "Chess.com"]
[Date "2017.06.06"]
[Round "3"]
[White "Hamisandwich"]
[Black "mwpchess"]
[Result "0-1"]
[WhiteElo "2438"]
[BlackElo "2471"]
[TimeControl "180+2"]
[EndTime "14:26:41 PDT"]
[Termination "mwpchess won on time"]

1. e4 c6 2. Ne2 d5 3. e5 g6 4. d4 f6 5. h4 Bg7 6. exf6 Nxf6 7. Bf4 O-O 8. Nbc3 Qb6 9. Qd2 Qxb2 10. Rb1 Qa3 11.
Bh6 Qd6 12. f3 Nbd7 13. g4 e5 14. Bxg7 Kxg7 15. h5 gxh5 16. g5 Ng8 17. Ng3 exd4 18. Nxh5+ Kf7 19. Ne2 c5 20. f4 Nb6 21. c3 dxc3 22. Qd3 Qg6 23. Nxc3 Bf5 24. Qb5 Rfe8+ 25. Kf2 Bxb1 26. Nxb1 Qe4 27. Rh3 Qd4+ 28. Kg2 Re3 29. Ng3 Kf8 30. Rxh7 Rae8 31. g6 R3e7 32. Nf5 Qe4+ 33.
Kg3 Qxf5 34. Bd3 Re3+ 35. Kg2 Qg4+ 0-1

[Event "*** Titled Tuesday 3|2 Blitz"]
[Site "Chess.com"]
[Date "2017.06.06"]
[Round "3"]
[White "Spartakus1975"]
[Black "bilelou"]
[Result "1-0"]
[WhiteElo "2590"]
[BlackElo "2388"]
[TimeControl "180+2"]
[EndTime "14:26:44 PDT"]
[Termination "Spartakus1975 won by resignation"]

1. e4 c5 2. c3 d5 3. exd5 Qxd5 4. d4 Nc6 5. Nf3 Nf6 6. Na3 e6 7. Nb5 Qd8 8. dxc5 Bxc5 9. Qxd8+ Kxd8 10. Bf4 Nd5 11.
Bg3 a6 12. Nd6 Ke7 13. Ne4 Ba7 14. Bd6+ Ke8 15. Bc4 f6 16. Ba3 Bb8 17. O-O-O Kf7 18. Nc5 Nce7 19. Rhe1 Rd8 20. Nd4 e5 21. Nc2 Kg6 22.
Nb4 Nxb4 23. Rxd8 Nbc6 24. Re8 b5 25. Bb3 Ra7 26. Ne4 b4 27. Bxb4 Nxb4 28. cxb4 Rc7+ 29. Kb1 Ba7 30. Rc1 Rxc1+ 31. Kxc1 Bf5 32. Rxe7 Bd4 33. Bc2 Kh6 34. Ng3 Bxc2 35. Kxc2 Bxf2 36. Nf5+ Kg6 37. Nxg7 f5 38. Rxe5 Bd4 39. Rxf5 Bxg7 40. Ra5 1-0

[Event "*** Titled Tuesday 3|2 Blitz"]
[Site "Chess.com"]
[Date "2017.06.06"]
[Round "3"]
[White "Grootneus"]
[Black "Colombiano07"]
[Result "0-1"]
[WhiteElo "2058"]
[BlackElo "2242"]
[TimeControl "180+2"]
[EndTime "14:26:50 PDT"]
[Termination "Colombiano07 won by resignation"]

1. e4 c5 2. c3 d5 3. exd5 Qxd5 4.
d4 Nf6 5. Nf3 Bg4 6. Be2 e6 7.
h3 Bh5 8. O-O Nc6 9. Be3 cxd4 10. cxd4 Be7 11. Nc3 Qd6 12. Qb3 Qb4 13. g4 Bg6 14.
Rad1 Qxb3 15. axb3 Bc2 16. Ra1 Bxb3 17. Ne5 O-O 18.
Nxc6 bxc6 19. Rfc1 a5 20. Na4 Bd5 21. Nb6 Ra7 22.
Nxd5 cxd5 23. Bd2 Rfa8 24. Ra4 Ne4 25. Be1 g5 26. f3 Nd6 27. Rca1 Rb7 28. Bc3 Bd8 29.
b4 Rc8 30. Bd2 Rc2 31. R4a2 Rxa2 32. Rxa2 a4 33. Rxa4 Bf6 34. Be3 Rc7 35. b5 Rc2 36.
Bf1 Rb2 37. Ra8+ Kg7 38. Rb8 Nc4 39. Bxc4 dxc4 40. b6 c3 41. b7 c2 42. Bf2 c1=Q+ 0-1

[Event "*** Titled Tuesday 3|2 Blitz"]
[Site "Chess.com"]
[Date "2017.06.06"]
[Round "3"]
[White "Jahonas"]
[Black "Setne007"]
[Result "1/2-1/2"]
[WhiteElo "2215"]
[BlackElo "2064"]
[TimeControl "180+2"]
[EndTime "14:26:50 PDT"]
[Termination "Game drawn by repetition"]

1. d4 e6 2. c4 d5 3. Nf3 Nf6 4. g3 Be7 5. Bg2 O-O 6. cxd5 exd5 7.
O-O h6 8. Nc3 c6 9. b3 Be6 10.
Bb2 Nbd7 11. Rc1 Rc8 12. Re1 Bf5 13. Ne5 Bd6 14. e4 dxe4 15. Nxe4 Nxe4 16. Bxe4 Bxe4 17.
Nxd7 Bd5 18. Nxf8 Qxf8 19. Qg4 Rd8 20. Re3 f5 21. Qh5 f4 22. Re5 Bxe5 23. dxe5 fxg3 24.
hxg3 Bf3 25. Qg6 Qf7 26. Qxf7+ Kxf7 27. Bc3 Ke6 28. Re1 Rd3 29. Rc1 g5 30. Kf1 Rd1+ 31.
Rxd1 Bxd1 32. Ke1 Bf3 33. Kd2 h5 34. Ke3 Bd5 35. f4 gxf4+ 36. Kxf4 Bg2 37. Bd4 a6 38. b4 Bf1 39. a3 Be2 40. a4 Bd1 41. a5 Be2 42.
Bc5 Bd1 43. Bd6 Be2 44. Kg5 Bd1 45. Kf4 Be2 46. Kg5 Bd1 47. Kg6 Be2 48. Kg7 Bd1 49.
Kf8 Kd7 50. Kf7 Bg4 51. Kf6 Be6 52. Bc5 Bg4 53. Bd6 Be6 54. Bc5 Bg4 55. Bd6 1/2-1/2

[Event "*** Titled Tuesday 3|2 Blitz"]
[Site "Chess.com"]
[Date "2017.06.06"]
[Round "3"]
[White "yian123"]
[Black "Noukii"]
[Result "0-1"]
[WhiteElo "2388"]
[BlackElo "2615"]
[TimeControl "180+2"]
[EndTime "14:26:51 PDT"]
[Termination "Noukii won by resignation"]

1. e4 e5 2. Nf3 Nc6 3. Bb5 a6 4.
Ba4 Nf6 5. O-O Be7 6. Re1 b5 7. Bb3 d6 8. c3 O-O 9. h3 Na5 10. Bc2 c5 11. d4 Nd7 12. Nbd2 exd4 13. cxd4 Nc6 14. d5 Nce5 15. Nxe5 Nxe5 16. f4 Ng6 17. Nf3 Bh4 18. Rf1 Bg3 19. f5 Ne5 20.
Ng5 Qf6 21. Rb1 h6 22. Nf3 Nxf3+ 23. Qxf3 Be5 24. b3 Bd7 25. Bd2 Rfe8 26. g4 c4 27. bxc4 bxc4 28. Kg2 c3 29. Be3 Rab8 30. Bd3 Rb2+ 31.
Rf2 Reb8 32. Rf1 a5 33. Ba7 R8b7 34. Be3 a4 35. Bc1 a3 36. Bxb2 axb2 37. Bc2 Bb5 38. Bd3 Ba4 39. Rb1 Bd4 40. Re2 Qe5 41. Bc2 Bd7 42. a4 Ra7 43. Qd3 Bxa4 44. Bxa4 Rxa4 45.
Qc2 Qf4 46. Qxa4 Be5 47. Qc2 Qh2+ 48. Kf1 Qxh3+ 49. Rg2 Qf3+ 50. Ke1 Qe3+ 51. Qe2 c2 52. Qxe3 cxb1=Q+ 53. Kf2 Qc2+ 54. Kf3 Qxg2+ 55. Kxg2 b1=Q 56. Qe2 Qb2 57. Qxb2 Bxb2 58. Kf3 Be5 0-1

[Event "*** Titled Tuesday 3|2 Blitz"]
[Site "Chess.com"]
[Date "2017.06.06"]
[Round "3"]
[White "Alexander_Moskalenko"]
[Black "gmcorrales"]
[Result "1-0"]
[WhiteElo "2689"]
[BlackElo "2544"]
[TimeControl "180+2"]
[EndTime "14:27:03 PDT"]
[Termination "Alexander_Moskalenko won on time"]

1. e4 c5 2. Nf3 d6 3. Bb5+ Nd7 4.
O-O a6 5. Bd3 g6 6. c3 Bg7 7.
Re1 e5 8. a4 Ngf6 9. Bf1 O-O 10. d4 Re8 11. dxe5 Nxe5 12. Nxe5 dxe5 13. Qxd8 Rxd8 14. a5 Be6 15. Na3 Ne8 16. Be3 Rac8 17. Bc4 Bxc4 18. Nxc4 Nd6 19. Nb6 Rc6 20. Red1 Re8 21.
f3 f5 22. exf5 gxf5 23. Rd5 c4 24. Rad1 Bf8 25. g4 f4 26. Bc5 Nf7 27. Bxf8 Kxf8 28.
Re1 h5 29. h3 hxg4 30. hxg4 Re7 31. Kg2 Kg7 32. Re4 Rec7 33. Rd7 Rxb6 34. Rxc7 Rxb2+ 35.
Kf1 Kf6 36. Rxf7+ Kxf7 37. Rxe5 Rb3 38. Rf5+ Ke6 39. Rxf4 Rxc3 40. Kf2 Kd5 41. g5 Rc2+ 42. Ke3 c3 43. Rg4 Rd2 44. g6 Rd1 45. g7 1-0

[Event "*** Titled Tuesday 3|2 Blitz"]
[Site "Chess.com"]
[Date "2017.06.06"]
[Round "3"]
[White "TregubovP"]
[Black "GMHess"]
[Result "0-1"]
[WhiteElo "2421"]
[BlackElo "2609"]
[TimeControl "180+2"]
[EndTime "14:27:04 PDT"]
[Termination "GMHess won by resignation"]

1. d4 d6 2. Nf3 Nf6 3. g3 g6 4.
Bg2 Bg7 5. c4 O-O 6. O-O Bf5 7.
Nc3 Ne4 8. Bd2 Nxc3 9. Bxc3 Be4 10. Qd2 c6 11. Rfd1 d5 12. b3 Nd7 13. Rac1 e6 14. Bf1 Bxf3 15. exf3 Qf6 16. f4 Rfd8 17. c5 b6 18. b4 b5 19. a4 a6 20. Ra1 Qf5 21. Ra2 Nf6 22. f3 Ne8 23. Rda1 Nc7 24. Qe3 Qf6 25. h4 Rdb8 26. Bd3 a5 27. axb5 axb4 28.
Rxa8 Nxa8 29. Bb2 cxb5 30. Ra7 Qd8 31. h5 Nc7 32. hxg6 hxg6 33. Kg2 Ra8 34. Rxa8 Qxa8 35. Qd2 Qa4 36. g4 b3 37. f5 Bxd4 38. fxg6 Bxb2 39. Qh6 Bg7 40. gxf7+ Kf8 41. Qg5 Qa8 42. Bg6 b2 43. c6 b1=Q 44. Bxb1 Qxc6 45. Bg6 Qd6 46. Qd2 e5 47. Bh5 Ne6 0-1

[Event "*** Titled Tuesday 3|2 Blitz"]
[Site "Chess.com"]
[Date "2017.06.06"]
[Round "3"]
[White "1stSecond"]
[Black "Aikiigm"]
[Result "1-0"]
[WhiteElo "2502"]
[BlackElo "2420"]
[TimeControl "180+2"]
[EndTime "14:27:05 PDT"]
[Termination "1stSecond won on time"]

1. c4 c6 2. Nf3 d5 3. e3 e6 4. b3 Nf6 5. Bb2 Bd6 6. d4 Nbd7 7.
Nbd2 b6 8. Bd3 Bb7 9. Ne5 c5 10. O-O O-O 11. f4 cxd4 12. exd4 Rc8 13. Qe2 Qe7 14.
Rae1 Ba3 15. Ba1 Bb4 16. Rd1 Bxd2 17. Rxd2 Ne4 18. Bxe4 dxe4 19. d5 exd5 20. cxd5 f5 21. d6 Qe6 22. Rfd1 Rfd8 23. Qe3 Rc5 24. Qg3 Nf6 25. Nc4 Rd7 26. Be5 Rd5 27. Ne3 Rxd2 28.
Rxd2 Rd8 29. Qg5 Bc8 30. d7 Rxd7 31. Nxf5 e3 32. Rxd7 Qxd7 33. Nxe3 Ne4 34. Qh4 Qd2 35. Nf1 Bf5 36. h3 h6 37. Qe7 Qf2+ 38. Kh2 Nf6 39. Ng3 Bb1 40. Bxf6 gxf6 41. Nh5 1-0

[Event "*** Titled Tuesday 3|2 Blitz"]
[Site "Chess.com"]
[Date "2017.06.06"]
[Round "3"]
[White "LawrenceTrent"]
[Black "XDPS"]
[Result "0-1"]
[WhiteElo "2415"]
[BlackElo "2519"]
[TimeControl "180+2"]
[EndTime "14:27:14 PDT"]
[Termination "XDPS won by resignation"]

1. e4 c5 2. Nf3 d6 3. d4 cxd4 4.
Nxd4 Nf6 5. Nc3 a6 6. h4 e5 7. Nb3 Be6 8. f4 Nbd7 9. f5 Bxb3 10. axb3 Rc8 11. Qf3 h5 12. Bc4 Nb6 13. Bd3 Be7 14. Bg5 Ng4 15. Bxe7 Qxe7 16. Na4 Nxa4 17. Rxa4 O-O 18.
Ra1 Qd8 19. Rc1 d5 20. Be2 Qa5+ 21. c3 dxe4 22. Qxe4 Nf6 23. Qxb7 e4 24. Qxa6 Qxf5 25. Qb6 Qf4 26. Rd1 e3 27. Rd3 Rfe8 28. Kd1 Ne4 29. Rf1 Nf2+ 30. Kc2 Rb8 31. Qc5 g6 32. Rd4 Qg3 33.
b4 Qxg2 34. Qd5 Qh2 35. Qf3 Re7 36. Kb1 Qe5 37. b5 Qc5 38. Rc4 Qd6 39. Rc6 Qd2 40. Bc4 Kh7 41. Qf6 Ra7 42. Ra6 Rxa6 43. Qxa6 e2 44.
Bxe2 Qxe2 45. Qf6 Qxf1+ 0-1

[Event "*** Titled Tuesday 3|2 Blitz"]
[Site "Chess.com"]
[Date "2017.06.06"]
[Round "3"]
[White "MFBerna"]
[Black "Grebeniuk-S"]
[Result "0-1"]
[WhiteElo "2262"]
[BlackElo "2424"]
[TimeControl "180+2"]
[EndTime "14:27:14 PDT"]
[Termination "Grebeniuk-S won by resignation"]

1. e4 c5 2. Nf3 d6 3. d4 cxd4 4.
Nxd4 Nf6 5. Nc3 g6 6. Bg5 Bg7 7.
Be2 h6 8. Be3 Nc6 9. O-O Bd7 10.
Nb3 O-O 11. f4 a6 12. a4 Qc8 13. Kh1 Bg4 14. Bf3 Bxf3 15. Qxf3 Nb4 16. Qe2 Qg4 17. Qd2 Rac8 18. h3 Qh5 19. Rae1 b5 20. axb5 axb5 21. Nd4 Rc4 22. Bg1 Rfc8 23. e5 Nfd5 24. Ndxb5 Nxc3 25.
bxc3 Nc6 26. exd6 Qxb5 27. dxe7 Re8 28. Qd7 Nd4 29. Qxb5 Nxb5 30. f5 gxf5 31. Rxf5 Nc7 32. Bh2 Ne6 33. Bd6 Rxc3 34. Rf2 Rc6 35. Bb4 Rc4 36. Bd6 Rd4 37. Ba3 Rf4 38. Rxf4 Nxf4 39. c4 Ne6 40. Rd1 Bf6 41. Rd7 Kg7 42. Kg1 Bd4+ 43.
Kf1 Bc5 44. Bxc5 Nxc5 45. Rc7 Ne6 46. Ke2 Nxc7 0-1

[Event "*** Titled Tuesday 3|2 Blitz"]
[Site "Chess.com"]
[Date "2017.06.06"]
[Round "3"]
[White "Abrito99"]
[Black "kleinebeer98"]
[Result "1-0"]
[WhiteElo "2324"]
[BlackElo "2451"]
[TimeControl "180+2"]
[EndTime "14:27:16 PDT"]
[Termination "Abrito99 won by checkmate"]

1. e4 e5 2. Nf3 Nc6 3. Bc4 Nf6 4.
d3 h6 5. O-O d6 6. Re1 a6 7. a4 g6 8. d4 Bg4 9. c3 Bxf3 10.
Qxf3 exd4 11. cxd4 Nxd4 12. Qc3 c5 13. Bf4 Be7 14.
Nd2 Nd7 15. Nb3 Bf6 16. Nxd4 Bxd4 17. Qb3 Qf6 18. Bg3 O-O 19. Kh1 Rab8 20. f4 Kg7 21. Rf1 h5 22. e5 Qe7 23. Rae1 Rbe8 24. Qxb7 h4 25. exd6 Qxd6 26. Bxh4 Rxe1 27. Rxe1 Qxf4 28. Bg3 Qxg3 29. Rf1 Qg4 30. h3 Qg5 31. Qxd7 Bf6 32. Bxa6 Qg3 33. Bc4 Be5 34. Rxf7+ Kh6 35. Rh7+ Kg5 36.
h4+ Kf4 37. Qd2+ Qe3 38. g3+ Ke4 39. Bd5+ Kf5 40. Qxe3 Kg4 41. Qxe5 Kh3 42. Bg2+ Kg4 43. Qg5# 1-0

[Event "*** Titled Tuesday 3|2 Blitz"]
[Site "Chess.com"]
[Date "2017.06.06"]
[Round "3"]
[White "TenisMaster"]
[Black "Margency"]
[Result "1-0"]
[WhiteElo "2666"]
[BlackElo "2543"]
[TimeControl "180+2"]
[EndTime "14:27:22 PDT"]
[Termination "TenisMaster won by resignation"]

1. e4 d5 2. exd5 Qxd5 3. Nc3 Qd6 4. d4 Nf6 5. Nf3 c6 6. h3 Bf5 7. Bd3 Bg6 8. O-O Nbd7 9. Re1 e6 10. Bg5 Be7 11. a3 O-O 12. Ne5 Bxd3 13. Qxd3 Nxe5 14. Rxe5 Rad8 15. Rd1 h6 16. Bf4 Qd7 17. Qg3 Kh7 18. Qf3 Nd5 19. Nxd5 cxd5 20. Re2 Rc8 21. c3 b5 22. Be5 f6 23. Bh2 a6 24. Rde1 Rc6 25. Qg4 f5 26. Qf3 Rf6 27. Be5 Rg6 28. Kh1 a5 29.
Qd3 b4 30. cxb4 axb4 31. a4 Rc4 32. Ra1 Bd6 33. a5 Bxe5 34. Rxe5 Qa7 35. a6 Rxd4 36.
Qe3 f4 37. Qe2 Rc4 38. Rxe6 f3 39. Qd3 fxg2+ 40. Kg1 Re4 41. Rxe4 dxe4 42. Qxe4 b3 43. h4 h5 44. Qb7 Qxb7 45. axb7 Rb6 46. Ra7 Kg6 47.
Ra6 Rxa6 48. b8=Q Rf6 49. Qxb3 Kh6 50. Qe3+ Kh7 51. Kxg2 Rg6+ 52. Kh3 Rg4 53. Qd3+ g6 54. Qd6 Rg1 55. b4 Rb1 56. b5 Kh6 57. b6 Rb3+ 58.
Kg2 1-0

[Event "*** Titled Tuesday 3|2 Blitz"]
[Site "Chess.com"]
[Date "2017.06.06"]
[Round "3"]
[White "viggi38"]
[Black "dtn70"]
[Result "1-0"]
[WhiteElo "2159"]
[BlackElo "2216"]
[TimeControl "180+2"]
[EndTime "14:27:24 PDT"]
[Termination "viggi38 won on time"]

1. d4 d6 2. e4 Nf6 3. Bc4 Nbd7 4. Qe2 e5 5. Nf3 h6 6. Nc3 Be7 7. Bd2 c6 8. h3 Qc7 9. d5 O-O 10. Nh4 Nb6 11. Bb3 cxd5 12. exd5 Re8 13. Nf3 Bf8 14. Be3 Bd7 15. g4 Nh7 16. Nd2 a5 17. a4 Be7 18.
h4 f5 19. gxf5 Bxf5 20. Nb5 Qd8 21. Rg1 Kh8 22. O-O-O Bxh4 23. Qh5 Rf8 24. Bxb6 Qxb6 25. Qxh4 Rac8 26. Nc4 Qc5 27. Qg3 Ng5 28. Qe3 Qxe3+ 29. fxe3 Nf3 30. Rgf1 Bg4 31. Nbxd6 Rb8 32. Rd3 e4 33. Nxe4 Nh2 34. Rxf8+ Rxf8 35. Ned2 Be2 36.
Rd4 Nf3 37. Rf4 Rxf4 38. exf4 Nd4 39. d6 Nc6 40. Ne5 Nd8 41. d7 Bh5 42. Ne4 g5 43.
fxg5 hxg5 44. Nxg5 Kg7 45. Ne6+ Nxe6 46. Bxe6 Kf6 47. d8=Q+ Kxe5 48. Qg5+ Kxe6 49. Qxh5 1-0

[Event "*** Titled Tuesday 3|2 Blitz"]
[Site "Chess.com"]
[Date "2017.06.06"]
[Round "3"]
[White "heartofatiger"]
[Black "amurdercastle"]
[Result "1-0"]
[WhiteElo "2379"]
[BlackElo "2276"]
[TimeControl "180+2"]
[EndTime "14:27:26 PDT"]
[Termination "heartofatiger won by resignation"]

1. d4 d5 2. c4 c6 3. Nf3 Nf6 4. e3 e6 5. Bd3 dxc4 6. Bxc4 b5 7.
Bd3 Bb7 8. O-O a6 9. a4 Nbd7 10. e4 b4 11. e5 Nd5 12. Nbd2 c5 13. Nc4 Rc8 14. Bg5 Qc7 15. Rc1 Qb8 16. Re1 h6 17. Bh4 cxd4 18. Nd6+ Bxd6 19. Rxc8+ Qxc8 20. exd6 O-O 21. Nxd4 Qc5 22. Bg3 Rc8 23. Nb3 Qb6 24. a5 Qd8 25. Qe2 Nc5 26. Nxc5 Rxc5 27. Qe4 g6 28.
Qg4 Nf6 29. Qxb4 Qc8 30. Qd2 Qc6 31. Bf1 Rd5 32. Qxh6 Ne8 33. Be5 Rxe5 34. Rxe5 Qxd6 35. Re3 Qd4 36. Rh3 Qf6 37. Qh7+ Kf8 38. Qh8+ Qxh8 39.
Rxh8+ Ke7 40. Rh3 Nc7 41. Rb3 Bc8 42. Rb6 Kd7 43. b4 Nd5 44. Rb8 Kc7 45. Rxc8+ Kxc8 46. Bxa6+ Kc7 47. Bd3 Nxb4 48. Be2 Nc6 49. a6 Kb6 50. h4 Nb4 51. g4 Nxa6 52. Bxa6 Kxa6 53. h5 gxh5 54.
gxh5 1-0

[Event "*** Titled Tuesday 3|2 Blitz"]
[Site "Chess.com"]
[Date "2017.06.06"]
[Round "3"]
[White "Hikaru"]
[Black "maciek_92"]
[Result "1/2-1/2"]
[WhiteElo "2907"]
[BlackElo "2534"]
[TimeControl "180+2"]
[EndTime "14:27:34 PDT"]
[Termination "Game drawn by stalemate"]

1. b3 Nf6 2. Bb2 e6 3. e3 b6 4. Nf3 Bb7 5. d4 c5 6. c4 Be7 7.
dxc5 bxc5 8. Bd3 O-O 9. O-O d6 10. Nbd2 Nbd7 11. Qc2 Qc7 12. Rad1 Rad8 13. Ne4 h6 14. Rd2 Bc6 15. Nxf6+ Nxf6 16. Bxf6 Bxf6 17. Bh7+ Kh8 18. Be4 Bd7 19. Rfd1 Bc8 20. Ne1 g5 21.
Nd3 a5 22. Nb2 Bg7 23. Na4 f5 24. Bf3 Bd7 25. Nc3 Be8 26. g4 fxg4 27. Bxg4 Be5 28. Bxe6 Qg7 29. Nb5 g4 30. Nxd6 Qf6 31. Qf5 Bxh2+ 32. Kg2 Bc6+ 33. e4 Qh4 34. Nf7+ Kg7 35.
Qxg4+ Qxg4+ 36. Bxg4 Rxd2 37. Rxd2 Bf4 38. Nd8 Bxe4+ 39.
f3 Bxd2 40. Ne6+ Kf7 41. Nxf8 Bb1 42. Nd7 Bxa2 43. Nxc5 Bb4 44. Na6 Bxb3 45. c5 Bd5 46. Bd7 Ke7 47. Ba4 Bc4 48. Nb8 Bd5 49. Nc6+ Bxc6 50.
Bxc6 Bxc5 51. Ba4 Be3 52. Bb5 Bf4 53. Ba4 Kf6 54. Bb5 Ke5 55. Ba4 Kd4 56. Bb5 Kc5 57.
Ba4 Kb4 58. Be8 a4 59. Bxa4 Kxa4 60. Kh1 Kb4 61. Kg2 Kc3 62. Kh1 Kd3 63. Kg2 Ke3 64. Kh1 Kxf3 65. Kg1 h5 66. Kh1 h4 67. Kg1 h3 68. Kh1 h2 1/2-1/2

[Event "*** Titled Tuesday 3|2 Blitz"]
[Site "Chess.com"]
[Date "2017.06.06"]
[Round "3"]
[White "Ginger_GM"]
[Black "Spinaltap"]
[Result "0-1"]
[WhiteElo "2419"]
[BlackElo "2514"]
[TimeControl "180+2"]
[EndTime "14:27:35 PDT"]
[Termination "Spinaltap won by resignation"]

1. d4 d5 2. c4 c6 3. Nc3 Nf6 4. Nf3 dxc4 5. e4 b5 6. e5 Nd5 7. a4 e6 8. Ng5 Bb7 9. Qh5 g6 10. Qf3 Qc7 11. Nge4 Nd7 12. Be2 b4 13. Nd1 c5 14. Bxc4 cxd4 15. Bb5 Bc6 16. O-O Bxb5 17.
axb5 Qxe5 18. b3 Bg7 19. Nb2 O-O 20. Nc4 Qf5 21. Qd3 Nc3 22. f3 Ne5 23. Nxe5 Qxe5 24. Ra5 Qc7 25. Ra6 Rab8 26. Bg5 f6 27. Rc6 Qe7 28. Bh4 Rfd8 29. Ra1 Rxb5 30. Raa6 Rb6 31.
Raxb6 axb6 32. Qc4 Nd5 33. Qxd4 g5 34. Bg3 f5 35. Qc4 fxe4 36. fxe4 Nc3 37. Rxe6 Qf7 38.
h3 Rd1+ 39. Kh2 Bd4 40. Re8+ Kg7 41. Be5+ Bxe5+ 42. Rxe5 Qxc4 43. bxc4 h6 44. Re7+ Kf6 45. Rb7 Rd6 46. Rxb6 Rxb6 0-1